 Dungeon Crawl Stone Soup version 0.28.0-45-g0d030f2227 (webtiles) character file.

Game seed: 6962655616890619189

1097 101zpm the Gusty (level 8, -3/58 HPs)
             Began as a Gnoll Air Elementalist on Apr 22, 2022.
             Shot with an arrow by a centaur (9 damage)
             ... on level 7 of the Dungeon.
             The game lasted 00:21:34 (6538 turns).

101zpm the Gusty (Gnoll Air Elementalist)           Turns: 6538, Time: 00:21:34

Health: -3/58      AC:  3    Str:  7    XL:     8   Next: 31%
Magic:  3/17       EV: 14    Int: 18    God:
Gold:   222        SH:  0    Dex: 12    Spells: 9/19 levels left

rFire   . . .      SeeInvis .   l - +5 short sword
rCold   . . .      Faith    .   (no shield)
rNeg    + . .      Spirit   .   a - +0 robe
rPois   .          Reflect  .   (no helmet)
rElec   .          Harm     .   (no cloak)
rCorr   .          Rampage  .   (no gloves)
Will    .....                   o - +0 pair of boots
Stlth   +++.......              (no amulet)
HPRegen 0.19/turn               h - ring of positive energy
MPRegen 0.15/turn               (no ring)

@: no status effects
A: fangs 1, strong nose, distributed training
a: no special abilities


You were on level 7 of the Dungeon.
You visited 1 branch of the dungeon, and saw 7 of its levels.

You collected 222 gold pieces.

Inventory:

Hand Weapons
 l - a +5 short sword (weapon)
Armour
 a - a +0 robe (worn)
 o - a +0 pair of boots (worn)
Jewellery
 h - a ring of positive energy (left hand)
 n - a ring of magical power
 p - a ring of protection from fire
 t - a +4 ring of evasion
Scrolls
 b - a scroll of enchant armour {unknown}
 d - 4 scrolls of identify
 e - a scroll of enchant weapon {unknown}
 f - a scroll of amnesia {unknown}
 g - a scroll of vulnerability {unknown}
 i - 2 scrolls of fear
 j - 2 scrolls of teleportation {unknown}
 r - a scroll of magic mapping {unknown}
 u - a scroll of fog {unknown}
Potions
 c - a potion of flight {unknown}
 k - 2 potions of ambrosia {unknown}
 m - a potion of heal wounds {unknown}
 q - a potion of curing {unknown}
 s - a potion of lignification {unknown}


   Skills:
 + Level 3.1 Fighting
 + Level 3.1 Short Blades
 + Level 3.1 Long Blades
 + Level 3.1 Axes
 + Level 3.1 Maces & Flails
 + Level 3.1 Polearms
 + Level 3.1 Staves
 + Level 3.1 Slings
 + Level 3.1 Bows
 + Level 3.1 Crossbows
 + Level 3.1 Throwing
 + Level 3.1 Armour
 + Level 5.6 Dodging
 + Level 5.3 Stealth
 + Level 3.1 Shields
 + Level 3.1 Unarmed Combat
 + Level 6.0 Spellcasting
 + Level 3.4 Conjurations
 + Level 2.5 Hexes
 + Level 2.5 Summonings
 + Level 2.5 Necromancy
 + Level 2.5 Translocations
 + Level 2.5 Transmutations
 + Level 2.5 Fire Magic
 + Level 2.5 Ice Magic
 + Level 6.1 Air Magic
 + Level 2.5 Earth Magic
 + Level 2.5 Poison Magic
 + Level 3.5 Invocations
 + Level 3.1 Evocations


You had 9 spell levels left.
You knew the following spells:

 Your Spells              Type           Power      Damage    Failure   Level
a - Shock                 Conj/Air       88%        1d8       1%          1
b - Static Discharge      Conj/Air       22%        N/A       2%          2
c - Swiftness             Air            27%        N/A       3%          3
d - Airstrike             Air            13%        N/A       10%         4

Your spell library contained the following spells:

 Spells                   Type           Power      Damage    Failure   Level
 Gell's Gravitas          Tloc           14%        N/A       13%         3
 Inner Flame              Hex/Fire       14%        N/A       13%         3
 Teleport Other           Tloc           14%        N/A       13%         3
 Fulminant Prism          Conj/Hex       8%         3d7       34%         4
 Lightning Bolt           Conj/Air       11%        1d24      43%         5
 Borgnjor's Vile Clutch   Necr/Erth      7%         N/A       75%         5
 Summon Mana Viper        Hex/Summ       14%        N/A       75%         5
 Dispersal                Tloc           7%         N/A       100%        6
 Maxwell's Capacitive Co  Air            13%        ∞         100%        8


Dungeon Overview and Level Annotations

Branches:
Dungeon (7/15)
 Temple: D:4-7

Altars:
Gozag
Qazlal

Shops:
D:2 !   D:4 *

Annotations:
D:6 Maggie, Sigmund


Innate Abilities, Weirdness & Mutations

You have very sharp teeth.
Your uncanny sense of smell can sniff out nearby items.
Your experience applies equally to all skills.


Message History

The bullfrog gives a loud, deep croak!
Aiming: Shock (safe; 1% risk of failure)
Press: ? - help, Q - select action, (/) - cycle Shift-Dir - straight line, f/p - jelly
Aim: a jelly (severely wounded, 100% to hit)
The zap hits the jelly.
The jelly is almost dead.
Okay, then.
Okay, then.
As you read the scroll labelled ZAONAAGGUFI, it crumbles to dust.
It is a scroll of identify.
i - 2 scrolls of fear
Okay, then.
The bullfrog barely misses you.
An orc comes into view. It is wielding a +0 hand axe.
Found a +4 ring of evasion.
An orc warrior comes into view.
It is wielding a +0 hand axe of distortion.
Unknown command.
A wyvern skeleton comes into view.
The bullfrog closely misses you.
An orc comes into view. It is wielding a +0 hand axe.
The bullfrog hits you. The bullfrog hits you.
A centaur comes into view.
Found 12 gold pieces.
The bullfrog closely misses you.
You see here a +4 ring of evasion.
The jelly jiggles.
The bullfrog hits you. The bullfrog hits you.
* * * LOW HITPOINT WARNING * * *
The bullfrog barely misses you. The bullfrog hits you.
* * * LOW HITPOINT WARNING * * *
The bullfrog hits you.
* * * LOW HITPOINT WARNING * * *
Found a fizzy blue potion.
The bullfrog hits you.
* * * LOW HITPOINT WARNING * * *
The centaur wields a +0 shortbow.
The centaur shoots an arrow.
The arrow hits you!
You die...

........#....##
...........c..#
##o...o.#..$..#
..............##
....=..........##
.......##.......##
....#..#....###..# ###
....#........##..#..!#
...#...#.o..###.@....#
#..#...#....J.#F.#...#
#.############..## ###
... #..# .# ####


You could see a bullfrog and a centaur.

Vanquished Creatures
  An ice beast (D:6)
  An ogre (D:5)
  A black bear (D:5)
  2 phantoms
  A scorpion (D:6)
  3 wights (D:5)
  2 hounds
  A bullfrog zombie (D:6)
  2 orc priests
  2 bullfrog skeletons (D:5)
  An iguana (D:5)
  3 orc wizards
  A hound zombie (D:5)
  A hound skeleton (D:4)
  8 adders
  A white imp (D:5)
  4 dart slugs
  12 orcs
  6 endoplasms
  8 goblins
  8 hobgoblins
  2 quokkas
  10 ball pythons
  4 bats
  4 frilled lizards
  5 kobolds
  7 rats
101 creatures vanquished.

Notes
Turn   | Place    | Note
-------+----------+-------------------------------------------
     0 | D:1      | 101zpm the Gnoll Air Elementalist began the quest for the
                  | Orb.
     0 | D:1      | Reached XP level 1. HP: 13/13 MP: 6/6
   176 | D:1      | Reached XP level 2. HP: 19/19 MP: 5/7
   672 | D:1      | Reached XP level 3. HP: 25/25 MP: 3/9
   770 | D:1      | Reached skill level 5 in Spellcasting
   983 | D:2      | Reached skill level 1 in Invocations
  1178 | D:2      | Reached skill level 1 in Fighting
  1178 | D:2      | Reached skill level 1 in Short Blades
  1178 | D:2      | Reached skill level 1 in Long Blades
  1178 | D:2      | Reached skill level 1 in Axes
  1178 | D:2      | Reached skill level 1 in Maces & Flails
  1178 | D:2      | Reached skill level 1 in Polearms
  1178 | D:2      | Reached skill level 1 in Staves
  1178 | D:2      | Reached skill level 1 in Slings
  1178 | D:2      | Reached skill level 1 in Bows
  1178 | D:2      | Reached skill level 1 in Crossbows
  1178 | D:2      | Reached skill level 1 in Throwing
  1178 | D:2      | Reached skill level 1 in Armour
  1178 | D:2      | Reached skill level 1 in Shields
  1178 | D:2      | Reached skill level 1 in Unarmed Combat
  1178 | D:2      | Reached skill level 1 in Evocations
  1245 | D:2      | Found a faded altar of an unknown god.
  1317 | D:2      | Reached XP level 4. HP: 32/32 MP: 9/11
  1498 | D:2      | Found Baiheum's Distillery.
  1675 | D:3      | Reached skill level 1 in Hexes
  1675 | D:3      | Reached skill level 1 in Summonings
  1675 | D:3      | Reached skill level 1 in Necromancy
  1675 | D:3      | Reached skill level 1 in Translocations
  1675 | D:3      | Reached skill level 1 in Transmutations
  1675 | D:3      | Reached skill level 1 in Fire Magic
  1675 | D:3      | Reached skill level 1 in Ice Magic
  1675 | D:3      | Reached skill level 1 in Earth Magic
  1675 | D:3      | Reached skill level 1 in Poison Magic
  1942 | D:3      | Found a stormy altar of Qazlal.
  2261 | D:5      | Entered Level 5 of the Dungeon
  2338 | D:5      | Reached XP level 5. HP: 21/37 MP: 7/12
  2732 | D:4      | You fall into a shaft and drop 1 floor!
  2769 | D:5      | Learned a level 2 spell: Static Discharge
  2773 | D:5      | Learned a level 3 spell: Swiftness
  2778 | D:5      | Learned a level 4 spell: Airstrike
  2891 | D:5      | Noticed a phantom
  2898 | D:5      | Killed a phantom
  2899 | D:5      | Reached XP level 6. HP: 42/44 MP: 1/13
  2999 | D:5      | Noticed a black bear
  3001 | D:5      | Killed a black bear
  3002 | D:5      | Reached skill level 5 in Dodging
  3440 | D:5      | Reached XP level 7. HP: 50/50 MP: 2/15
  4208 | D:5      | Reached skill level 5 in Stealth
  4578 | D:6      | Got the Almanac of the Bewitching Rocks
  4883 | D:6      | Noticed Sigmund
  4883 | D:6      | Noticed Maggie
  5035 | D:4      | Reached XP level 8. HP: 32/57 MP: 2/16
  5335 | D:4      | Found an opulent altar of Gozag.
  5343 | D:4      | Found Irche's Assorted Antiques.
  6538 | D:7      | Shot with an arrow by a centaur

Illustrated notes

Levels and vault maps discovered:
D:1:      scummos_arrival_forest, layout_basic, minmay_surrounded
D:2:      layout_rooms, serial_shops, nicolae_square_shop,
          hellmonk_ecumenical_altar_run_dry
D:3:      layout_rooms, lemuel_crystal_altar
D:4:      layout_loops_ring, grunt_gozag_statues, serial_shops,
          nicolae_shop_advertising_works [nicolae_subvault_shop_adworks]
D:5:      black_bear_nest_1, layout_loops_ring, hangedman_decor_diamond_cutter
D:6:      layout_loops_corners, uniq_sigmund, uniq_maggie
D:7:      layout_cave_pools, trog_three_pillars_becter,
          grunt_temple_overflow_holy_war, minmay_temple_entry_mini_moons

Skill      XL: |  1  2  3  4  5  6  7  8 |
---------------+-------------------------+-----
Conjurations   | 2 3 |  3.4
Spellcasting   | 5 6 |  6.0
Invocations    | 1 2 3 |  3.5
Fighting       | 1 2 3 |  3.1
Short Blades   | 1 2 3 |  3.1
Long Blades    | 1 2 3 |  3.1
Axes           | 1 2 3 |  3.1
Maces & Flails | 1 2 3 |  3.1
Polearms       | 1 2 3 |  3.1
Staves         | 1 2 3 |  3.1
Slings         | 1 2 3 |  3.1
Bows           | 1 2 3 |  3.1
Crossbows      | 1 2 3 |  3.1
Throwing       | 1 2 3 |  3.1
Armour         | 1 2 3 |  3.1
Shields        | 1 2 3 |  3.1
Unarmed Combat | 1 2 3 |  3.1
Evocations     | 1 2 3 |  3.1
Hexes          | 1 2 |  2.5
Summonings     | 1 2 |  2.5
Necromancy     | 1 2 |  2.5
Translocations | 1 2 |  2.5
Transmutations | 1 2 |  2.5
Fire Magic     | 1 2 |  2.5
Ice Magic      | 1 2 |  2.5
Earth Magic    | 1 2 |  2.5
Poison Magic   | 1 2 |  2.5
Dodging        | 5 |  5.6
Stealth        | 5 |  5.3
Air Magic      | 6 |  6.1

Action                   |  1- 3 |  4- 6 |  7- 9 || total
-------------------------+-------+-------+-------++-------
Melee: Unarmed           |     5 |       |       ||     5
       Short sword       |       |       |     7 ||     7
       Punch             |       |       |     1 ||     1
 Cast: Shock             |    76 |    75 |    35 ||   186
       Airstrike         |       |     9 |    40 ||    49
       Static Discharge  |       |       |     1 ||     1
  Use: Scroll            |       |       |     1 ||     1
Armor: Robe              |     2 |       |     3 ||     5
Dodge: Dodged            |    10 |    14 |    18 ||    42
